 Dungeon Crawl Stone Soup version 0.20-a0-870-g4070442 (webtiles) character file.

343 Banto the Poker (level 6, -1/44 HPs)
             Began as a Demonspawn Gladiator on Mar 14, 2017.
             Slain by an ogre
             ... wielding a +0 giant spiked club
              (13 damage)
             ... on level 3 of the Dungeon.
             The game lasted 00:04:37 (2508 turns).

Banto the Poker (Demonspawn Gladiator)              Turns: 2508, Time: 00:04:38

Health: -1/44      AC: 13    Str: 14    XL:     6   Next: 31%
Magic:  6/6        EV: 18    Int: 10    God:
Gold:   78         SH:  0    Dex: 21    Spells: 5/5 levels left

rFire    . . .     SeeInvis .   a - +0 trident
rCold    . . .     Gourm    .   b - +0 leather armour
rNeg     . . .     Faith    .   (no shield)
rPois    .         Spirit   .   c - +0 helmet
rElec    .         Reflect  .   (no cloak)
rCorr    .         Harm     .   (no gloves)
MR       .....                  (no boots)
Stlth    +++.......             (no amulet)
Regen    0.2/turn               (no ring)
MPRegen  0.1/turn               (no ring)

@: agile, sanguine armour
A: talons 1, powered by pain 1, sanguine armour 2
a: no special abilities


You were on level 3 of the Dungeon.
You were not hungry.

You visited 1 branch of the dungeon, and saw 4 of its levels.

You collected 78 gold pieces.

Inventory:

Hand Weapons
 a - a +0 trident (weapon)
Missiles
 n - 2 throwing nets (quivered)
Armour
 b - a +0 leather armour (worn)
 c - a +0 helmet (worn)
Wands
 d - a wand of random effects (0/48)
Scrolls
 e - a scroll of recharging
 i - a scroll of fog {unknown}
 m - a scroll of blinking {unknown}
 o - a scroll of remove curse
 p - a scroll of enchant armour {unknown}
 q - a scroll of identify
 r - a scroll of teleportation {unknown}
Potions
 j - a potion of haste {unknown}
 k - 2 potions of flight
 l - a potion of might
 s - a potion of curing
Comestibles
 f - 2 bread rations
 g - a chunk of flesh
 h - 2 meat rations


   Skills:
 - Level 2.0 Fighting
 + Level 6.5 Polearms
 - Level 1.7 Throwing
 - Level 2.6 Dodging


You had 5 spell levels left.
You didn't know any spells.

Dungeon Overview and Level Annotations

Branches:
Dungeon (4/15)
 Temple: D:4-7

Altars:


Innate Abilities, Weirdness & Mutations

You have sharp toenails.
You sometimes gain a little power by taking damage.
When seriously injured, your bleeding wounds create thick armour. (AC +9)


Message History

Evoke which item? (* to show all) (? for menu, Esc to quit)
This wand has no charges.
Unknown command.
Unknown command.
Unknown command.
Okay, then.
You hit the ogre but do no damage. You claw the ogre, but do no damage.
The ogre barely misses you.
You hit the ogre but do no damage. You claw the ogre, but do no damage.
The ogre closely misses you.
You hit the ogre. You claw the ogre, but do no damage.
The ogre is lightly wounded.
The ogre completely misses you.
You puncture the ogre! You claw the ogre, but do no damage.
The ogre is heavily wounded.
The ogre barely misses you.
You hit the ogre.
The ogre is heavily wounded.
The ogre hits you with a giant spiked club!
You die...

########.############.###########
................................#
########.############.#.#######(#
#.# #.#.# #.....# #.# ### #.#.#
#.###.# #.# #.# #.#.# #.# #.# #.#
#.# #.#.# #.# #.# #.#####.####
#.#.# #.# #.#
#........@.###.#.###.###.#
#######.#.O.##...........#
#.#.#.####.##..##..#
#.#########.........
###.#...#...###..##.#.
############...#.#.#.#.#.....#.#.
............(###.#...#.###..##.#.
############.....#####......##.#.
# #.....#####......##.#.


You could see an ogre.

Vanquished Creatures
  Sigmund (D:2)
  The ghost of Banto the Poker, an amateur DsGl (D:3)
  5 adders
  An ooze (D:2)
  A worm (D:2)
  A dart slug (D:3)
  2 leopard geckos
  2 giant cockroaches (D:3)
  3 goblins
  5 hobgoblins
  5 jackals
  A quokka (D:3)
  A ball python (D:1)
  5 bats
  3 frilled lizards
  6 kobolds
  9 rats
52 creatures vanquished.

Notes
Turn   | Place    | Note
-------+----------+-------------------------------------------
     0 | D:1      | Banto the Demonspawn Gladiator began the quest for the Orb.
     0 | D:1      | Reached XP level 1. HP: 16/16 MP: 1/1
   112 | D:1      | Reached skill level 3 in Polearms
   203 | D:1      | Gained mutation: When seriously injured, your bleeding wounds create armour. (AC +9) [demonic ancestry]
   203 | D:1      | Reached XP level 2. HP: 22/22 MP: 2/2
   627 | D:2      | Noticed Sigmund
   715 | D:2      | Gained mutation: You sometimes gain a little power by taking damage. [demonic ancestry]
   715 | D:2      | Reached XP level 3. HP: 20/27 MP: 3/3
   761 | D:2      | Reached skill level 4 in Polearms
  1234 | D:2      | Killed Sigmund
  1234 | D:2      | Reached skill level 5 in Polearms
  1234 | D:2      | Gained mutation: You have sharp toenails. [demonic ancestry]
  1234 | D:2      | Reached XP level 4. HP: 32/33 MP: 4/4
  1234 | D:2      | Gained mutation: When seriously injured, your bleeding wounds create thick armour. (AC +9) [demonic ancestry]
  1234 | D:2      | Reached XP level 5. HP: 37/38 MP: 5/5
  1337 | D:3      | Noticed Banto's ghost (amateur DsGl)
  1389 | D:2      | Reached skill level 6 in Polearms
  1546 | D:3      | Killed Banto's ghost
  1546 | D:3      | Reached XP level 6. HP: 29/44 MP: 6/6
  2508 | D:3      | Slain by an ogre

Vault maps used:
D:1:      nagdon_arrival_double_spiral
D:2:      uniq_sigmund
D:3:      moated_statue, bh_walls_and_bars
D:4:      kennysheep_mini_moat, minmay_temple_entry_trees

Skill      XL: |  1  2  3  4  5 |
---------------+----------------+-----
Polearms       | 3 5 6 |  6.5
Fighting       | |  2.0
Throwing       | |  1.7
Dodging        | |  2.6

Action                   |  1- 3 |  4- 6 || total
-------------------------+-------+-------++-------
Melee: Trident           |   122 |    67 ||   189
       Kick              |       |    15 ||    15
Throw: Throwing net      |     3 |       ||     3
Evoke: Wand              |       |    13 ||    13
  Use: Scroll            |     3 |     1 ||     4
       Potion            |     1 |     1 ||     2
 Stab: Held in net/web   |     1 |       ||     1
       Sleeping          |       |     1 ||     1
  Eat: Chunk             |     1 |     4 ||     5
Armor: Leather armour    |    25 |    15 ||    40
Dodge: Dodged            |    67 |    48 ||   115

Table legend:
 A = Turns spent in this place as a percentage of turns spent in the entire game.
 B = Non-inter-level travel turns spent in this place as a percentage of non-inter-level travel turns spent in the entire game.
 C = Inter-level travel turns spent in this place as a percentage of turns spent in this place.
 D = Turns resting spent in this place as a percentage of non-inter-level travel turns spent in this place.
 E = Turns spent auto-exploring this place as a percentage of non-inter-level travel turns spent in this place.
 F = Non-inter-level travel turns spent in this place divided by the number of levels of this place that you've seen.
                   A       B       C       D       E      F
               +-------+-------+-------+-------+-------+----------------------
         Total | 100.0 | 100.0 |   0.9 |   1.9 |  11.1 | 174.0
       Dungeon | 100.0 | 100.0 |   0.9 |   1.9 |  11.1 | 174.0
               +-------+-------+-------+-------+-------+----------------------

Table legend:
 A = Kills in this place as a percentage of kills in entire the game.
 B = Kills by you in this place as a percentage of kills by you in the entire game.
 C = Kills by friends in this place as a percentage of kills by friends in the entire game.
 D = Other kills in this place as a percentage of other kills in the entire game.
 E = Experience gained in this place as a percentage of experience gained in the entire game.
 F = Experience gained in this place divided by the number of levels of this place that you have seen.
                   A       B       C       D       E      F
               +-------+-------+-------+-------+-------+----------------------
         Total | 100.0 | 100.0 |  -nan |  -nan | 100.0 | 122.5
       Dungeon | 100.0 | 100.0 |  -nan |  -nan | 100.0 | 122.5
               +-------+-------+-------+-------+-------+----------------------
